 Dungeon Crawl Stone Soup version 0.29.1-12-g30fa7ad0bf (webtiles) character file.

Game seed: 2575359352257368000

3495 nightchill the Agent of Entropy (level 9, -1/71 (72) HPs)
             Began as a Demonspawn Abyssal Knight on Jan 15, 2023.
             Was a Priest of Lugonu.
             Slain by a balrug
             ... wielding a +0 demon whip
             ... summoned by Lugonu's corruption
              (22 damage)
             ... in a bailey.
             The game lasted 00:29:09 (9675 turns).

nightchill the Agent of Entropy (DsAK)              Turns: 9675, Time: 00:29:09

HP:   -1/71 (72)    AC: 11    Str: 17    XL:     9   Next: 80%
MP:   9/16          EV:  7    Int: 11    God:    Lugonu [***...]
Gold: 308           SH:  0    Dex: 15    Spells: 8/8 levels left

rFire   . . .      SeeInvis +   a - +1 hand axe
rCold   . . .      Faith    .   (no shield)
rNeg    + . .      Spirit   .   c - +0 chain mail
rPois   .          Reflect  .   (helmet unavailable)
rElec   .          Harm     .   (no cloak)
rCorr   .          Rampage  .   F - +2 pair of gloves
Will    .....                   (no boots)
Stlth   ..........              (no amulet)
HPRegen 0.21/turn               p - +4 ring of slaying
MPRegen 0.15/turn               m - ring "Qisainko" {rN+ SInv}

@: silenced, lightly drained
A: antennae 3, claws 1, powered by death 1, weakness stinger 2
a: Renounce Religion


You were in a bailey.
You worshipped Lugonu.
Lugonu was most pleased with you.
You visited 2 branches of the dungeon, and saw 9 of its levels.
You visited the Abyss 1 time.
You also visited: Bailey.

You collected 308 gold pieces.

Inventory:

Hand Weapons
 a - a +1 hand axe (weapon)
 B - the +0 great mace of the Yoke {vorpal, rElec rC+ Stlth+}
   (You found it on level 5 of the Dungeon)

   It inflicts extra damage upon your enemies.
   rC:        It protects you from cold.
   rElec:     It insulates you from electricity.
   Stlth:     It makes you more stealthy.
Missiles
 s - 6 datura-tipped darts
 u - 2 throwing nets
 D - 5 curare-tipped darts
Armour
 c - a +0 chain mail (worn)
 C - a +0 ring mail of willpower
 F - a +2 pair of gloves (worn)
Jewellery
 m - the ring "Qisainko" (right hand) {rN+ SInv}
   (You found it on level 2 of the Dungeon)

   [ring of positive energy]

   rN:        It protects you from negative energy.
   SInv:      It lets you see invisible.
 p - a +4 ring of slaying (left hand)
 v - a ring of resist corrosion
 G - a +4 ring of slaying
Wands
 E - a wand of iceblast (6)
Scrolls
 e - a scroll of magic mapping {unknown}
 g - 2 scrolls of immolation
 i - a scroll of enchant armour {unknown}
 j - a scroll of poison
 l - 5 scrolls of teleportation
 o - 2 scrolls of fog {unknown}
 t - a scroll of enchant weapon {unknown}
 x - a scroll of torment {unknown}
 y - 3 scrolls of noise
 H - a scroll of fear {unknown}
Potions
 d - 2 potions of haste
 f - a potion of lignification {unknown}
 h - a potion of ambrosia {unknown}
 k - 2 potions of flight
 n - 3 potions of brilliance
 q - 4 potions of mutation
 r - 3 potions of resistance
 w - a potion of cancellation {unknown}
 z - 2 potions of invisibility
 A - a potion of might {unknown}


   Skills:
 + Level 7.5 Fighting
 * Level 9.2 Axes
 - Level 1.7 Armour
 - Level 0.8 Dodging
 - Level 10.0 Invocations


You had 8 spell levels left.
You didn't know any spells.
Your spell library contained the following spells:

 Spells                   Type           Power      Damage    Failure   Level
 Freeze                   Ice            0%         1d3       99%         1
 Sting                    Tmut/Pois      0%         1d3       99%         1
 Poisonous Vapours        Pois/Air       0%         N/A       100%        2
 Sublimation of Blood     Necr           0%         N/A       100%        2
 Wereblood                Tmut           0%         N/A       100%        2
 Frozen Ramparts          Ice            0%         1d1       100%        3
 Ignite Poison            Fire/Tmut/Pois 0%         N/A       100%        3
 Mephitic Cloud           Conj/Pois/Air  0%         N/A       100%        3
 Animate Dead             Necr           0%         N/A       100%        4
 Hailstorm                Conj/Ice       0%         3d3       100%        4
 Olgreb's Toxic Radiance  Pois           0%         N/A       100%        4
 Borgnjor's Vile Clutch   Necr/Erth      0%         N/A       100%        5
 Freezing Cloud           Conj/Ice/Air   0%         6-21      100%        5
 Death Channel            Necr           0%         N/A       100%        6
 Summon Hydra             Summ           0%         N/A       100%        7


Dungeon Overview and Level Annotations

Branches:
Dungeon (8/15)             Temple (1/1) D:4            Lair (0/5) D:8
 Bailey (1/1)

Altars:
Ashenzari
Gozag
Hepliaklqana
Kikubaaqudgha
Makhleb
Nemelex Xobeh
Okawaru
Qazlal
Ru
Sif Muna
Trog
Uskayaw
Vehumet
Wu Jian
Xom

Shops:
D:7 [

Annotations:
D:3 3 runed translucent doors, zurenarrh's ghost, amateur OpSu
D:7 !hidden area, diceflayer's ghost, novice DsHu
Temple 4 transporters
Abyss:1 Sigmund Bailey corrupted


Innate Abilities, Weirdness & Mutations

You have a pair of large antennae on your head. (SInv)
You have sharp fingernails.
You regenerate a little health from kills.
You have a tail ending in a sharp stinger.


Message History

The fire bat completely misses the orc.
The orc hits the tentacled starspawn with a +0 spear.
The white very ugly thing closely misses the orc.
The small abomination hits you but does no damage.
The small abomination hits the orc but does no damage.
A starcursed mass splits.
The tentacled starspawn misses the orc.
The tentacled starspawn tentacle-slaps the orc!
The orc dies!
Okay, then.
The small abomination hits you!
* * * LOW HITPOINT WARNING * * *
The vampire hits you!
* * * LOW HITPOINT WARNING * * *
The vampire bites you!
* * * LOW HITPOINT WARNING * * *
Okay, then.
You feel better.
The small abomination barely misses you.
You feel better. The vampire hits you.
* * * LOW HITPOINT WARNING * * *
The vampire completely misses you.
The small abomination barely misses you.
Okay, then.
The vampire hits you but does no damage.
The vampire bites you but does no damage.
The smoke demon is engulfed in blazing flames.
The vampire hits you but does no damage.
The vampire bites you but does no damage.
You flicker for a moment.
The chaos spawn gores you.
* * * LOW HITPOINT WARNING * * *
You feel your power leaking away.
You feel better.
You feel better.
You flicker back into view.
Okay, then.
The balrug hits you with a +0 demon whip!!
* * * LOW HITPOINT WARNING * * *
You are engulfed in flames!!
You die...

## ######.#
##.....##
{#..W#x..#
{{#{.#X#X∩#
{{##2X34..#
#@#{{{{{#
#..VR#{.#
#)#####{#
#4x#{# {#
#Xu){{{.#
#43X{{{{
#XXX##{.#
#...).{##
####..##


You could see 4 neutral starcursed masses, a neutral white very ugly thing
(summoned, wandering), a neutral tentacled starspawn (summoned, wandering,
unsilenced), a neutral balrug (summoned, wandering, unsilenced), 3 neutral large
abominations, a neutral rust devil (summoned, wandering), a neutral efreet
(summoned, wandering, unsilenced), a neutral neqoxec (summoned, wandering,
unsilenced), a neutral ynoxinul (summoned, wandering, unsilenced), 2 neutral
chaos spawn, a neutral vampire (summoned, wandering), a neutral wraith
(summoned, wandering) and 2 neutral small abominations.

Vanquished Creatures
  A shadow (D:8)
  A steam dragon (D:8)
  3 ice beasts
  A sky beast (D:7)
  2 centaurs (D:7)
  3 phantoms
  3 bullfrogs
  2 scorpions (D:5)
  3 necrophages
  5 wights
  7 hounds
  3 orc priests
  3 iguanas
  6 orc wizards
  8 adders
  2 shadow imps
  2 ufetubi
  6 worms
  A dart slug (D:3)
  20 orcs
  6 endoplasms
  2 giant cockroaches
  7 goblins
  8 hobgoblins
  5 jackals (D:3)
  23 kobolds
  4 quokkas
  8 ball pythons
  5 bats
  8 frilled lizards
  9 rats
167 creatures vanquished.

Vanquished Creatures (others)
  An orc warrior (Bailey)
  13 orcs (Bailey)
  8 fungi (D:6)
  3 plants (D:6)
25 creatures vanquished.

Grand Total: 192 creatures vanquished

Notes
Turn   | Place    | Note
-------+----------+-------------------------------------------
     0 | Abyss:1  | nightchill the Demonspawn Abyssal Knight began the quest
                  | for the Orb.
     0 | Abyss:1  | Reached XP level 1. HP: 18/18 MP: 2/2
     1 | D:1      | Escaped the Abyss
   201 | D:1      | Discovered your monstrous ancestry.
   201 | D:1      | Gained mutation: You have a small tail. [demonic ancestry]
   201 | D:1      | Reached XP level 2. HP: 15/24 MP: 4/4
   218 | D:1      | Reached skill level 3 in Invocations
   506 | D:1      | Found a faded altar of an unknown god.
   867 | D:1      | Reached *** piety under Lugonu
  1203 | D:1      | Reached XP level 3. HP: 29/29 MP: 5/5
  1527 | D:2      | Found a shimmering altar of Xom.
  2010 | D:2      | Reached skill level 4 in Invocations
  2010 | D:2      | Gained mutation: You have a pair of small antennae on your
                  | head. [demonic ancestry]
  2010 | D:2      | Reached XP level 4. HP: 35/35 MP: 5/7
  2074 | D:2      | Identified the ring "Qisainko" {rN+ SInv}
  2315 | D:2      | Noticed Sigmund
  2320 | D:2      | Banished Sigmund
  2321 | D:2      | Reached skill level 5 in Invocations
  2321 | D:2      | Gained mutation: You have a tail ending in a sharp stinger.
                  | [demonic ancestry]
  2321 | D:2      | Reached XP level 5. HP: 42/42 MP: 3/9
  2916 | D:3      | Found a runed translucent gate.
  2917 | D:3      | Found a runed translucent gate.
  2917 | D:3      | Noticed zurenarrh's ghost (amateur OpSu)
  2918 | D:3      | Found a runed translucent gate.
  2958 | D:3      | Gained mutation: You have a pair of antennae on your head.
                  | [demonic ancestry]
  2958 | D:3      | Reached XP level 6. HP: 40/48 MP: 10/10
  3047 | D:3      | Found an ornate altar of the Wu Jian Council.
  3482 | D:3      | Reached **** piety under Lugonu
  4063 | D:4      | Reached skill level 6 in Invocations
  4267 | D:4      | Found a staircase to the Ecumenical Temple.
  4272 | D:4      | Gained mutation: You regenerate a little health from kills.
                  | [demonic ancestry]
  4272 | D:4      | Reached XP level 7. HP: 53/55 MP: 11/11
  4275 | Temple   | Entered the Ecumenical Temple
  4275 | Temple   | Found a transporter.
  4275 | Temple   | Found a transporter.
  4280 | Temple   | Found a transporter.
  4280 | Temple   | Found a transporter.
  4772 | D:4      | Reached skill level 7 in Invocations
  4972 | D:5      | Entered Level 5 of the Dungeon
  5041 | D:5      | Reached skill level 5 in Axes
  5612 | D:5      | Reached skill level 8 in Invocations
  5838 | D:5      | Reached skill level 5 in Fighting
  5838 | D:5      | Gained mutation: You have a pair of large antennae on your
                  | head. (SInv) [demonic ancestry]
  5838 | D:5      | Reached XP level 8. HP: 59/62 MP: 14/14
  6098 | D:5      | Identified the +0 great mace of the Yoke {vorpal, rElec rC+
                  | Stlth+}
  6162 | D:5      | Found a sacrificial altar of Ru.
  6597 | D:6      | Reached skill level 9 in Invocations
  7111 | D:6      | Found a bloodstained altar of Trog.
  7587 | D:7      | Reached skill level 10 in Invocations
  7757 | D:7      | Gained mutation: You have sharp fingernails. [demonic
                  | ancestry]
  7757 | D:7      | Reached XP level 9. HP: 67/69 MP: 16/16
  8521 | D:7      | Found a runed translucent gate.
  8521 | D:7      | Found a runed translucent gate.
  8521 | D:7      | Found a runed translucent gate.
  8526 | D:7      | Noticed diceflayer's ghost (novice DsHu)
  8526 | D:7      | Identified the +4 hand axe of the Real Monster {protect,
                  | SInv}
  8775 | D:7      | Found Dutt's Antique Armour Shop.
  8835 | D:7      | Noticed a troll
  8835 | D:7      | Noticed a six-headed hydra
  9445 | D:8      | Found a flagged portal.
  9448 | D:8      | Found a staircase to the Lair.
  9602 | Bailey   | Entered a bailey
  9651 | Bailey   | Corrupted Bailey
  9651 | Bailey   | Noticed a starcursed mass
  9651 | Bailey   | Noticed a tentacled starspawn
  9651 | Bailey   | Noticed a large abomination
  9651 | Bailey   | Noticed a kobold demonologist
  9651 | Bailey   | Noticed an efreet
  9651 | Bailey   | Noticed a smoke demon
  9652 | Bailey   | Noticed a white very ugly thing
  9656 | Bailey   | Noticed a silent spectre
  9658 | Bailey   | Noticed a starcursed mass
  9658 | Bailey   | HP: 2/71 [vampire[Lugonu's corruption] (8)]
  9659 | Bailey   | Noticed a rust devil
  9661 | Bailey   | Noticed a starcursed mass
  9662 | Bailey   | Noticed a balrug
  9667 | Bailey   | Noticed a starcursed mass
  9668 | Bailey   | Noticed a large abomination
  9675 | Bailey   | Slain by a balrug

Illustrated notes

Levels and vault maps discovered:
D:1:      matt_arrival_diagonals, layout_basic,
          nicolae_ecumenical_snake_handling, chequers_arboretum,
          minmay_pentomino_t2
D:2:      layout_basic, basic_altar, st_stairs_5, uniq_sigmund
D:3:      layout_loops_corners, nzn_wu_jian_contemplation,
          gammafunk_ghost_nasty_kobolds
D:4:      layout_cave_pools, minmay_temple_entry_proselytizer
D:5:      cheibrodos_thug_alley, layout_basic, nicolae_ru_path_of_blood
D:6:      layout_loops_ring, mainiacjoe_overflow_boulevard, serial_aquarium,
          aquarium_bridge_long_joined [aquarium_subvault_wall,
          aquarium_subvault_balcony, aquarium_subvault_bridge,
          aquarium_subvault_bridge, aquarium_subvault_window,
          aquarium_subvault_bridge], aquarium_window_2, aquarium_window_1,
          aquarium_window_fake, aquarium_view_2c, aquarium_view_2a,
          aquarium_pool_1, reono_crystal_passage
D:7:      layout_gridville, serial_shops, nicolae_shop_window_shopping,
          biasface_ghost_orc_armoury, lightli_corner_chamber
D:8:      layout_loops_ring, lair_entry_dummy, enter_bailey_8
Temple:   hellmonk_temple_divided_pantheon
Bailey:   bailey_polearm_5, bailey

Skill      XL: |  1  2  3  4  5  6  7  8  9 |
---------------+----------------------------+-----
Axes           | 2 3 4 5 7 9 |  9.2
Invocations    | 3 4 5 6 8 10 | 10.0
Fighting       | 4 5 6 7 |  7.5
Armour         | |  1.7
Dodging        | |  0.8

Action                   |  1- 3 |  4- 6 |  7- 9 || total
-------------------------+-------+-------+-------++-------
Melee: Hand axe          |   125 |   131 |   303 ||   559
       Tailslap          |     5 |    21 |    34 ||    60
       Punch             |       |     3 |     2 ||     5
Invok: Banish            |       |     1 |     8 ||     9
       Corrupt           |       |       |     1 ||     1
  Use: Scroll            |     1 |     4 |     5 ||    10
       Potion            |       |       |     5 ||     5
Armor: Chain mail        |   103 |    60 |   162 ||   325
Dodge: Dodged            |    47 |    33 |    86 ||   166
